 Dungeon Crawl Stone Soup version 0.17.2-1-ge4368a0 (webtiles) character file.

0 Goblin1989 the Vexing (level 1, 0/15 HPs)
             Began as a Demonspawn Arcane Marksman on Mar 20, 2018.
             Slain by a hobgoblin (4 damage)
             ... on level 1 of the Dungeon.
             The game lasted 00:01:01 (116 turns).

Goblin1989 the Vexing (Demonspawn Arcane Marksman)   Turns: 116, Time: 00:01:01

Health: 0/15       AC:  2    Str: 11    XL:     1   Next: 8%
Magic:  2/2        EV: 12    Int: 14    God:
Gold:   0          SH:  0    Dex: 12    Spells: 1 memorised, 1 level left

rFire  . . .     SeeInvis .     (no weapon)
rCold  . . .     Clarity  .     a - +0 robe
rNeg   . . .     SustAt   .     (no shield)
rPois  .         Gourm    .     (no helmet)
rElec  .         Spirit   .     (no cloak)
rCorr  .         Warding  .     (no gloves)
rMut   .         Stasis   .     (no boots)
MR     .....                    (no amulet)
Stlth  +.........               (no ring)
                                (no ring)

@: not resistant to hostile enchantments, very unstealthy
A: no striking features
a: no special abilities


You were on level 1 of the Dungeon.
You were not hungry.

You visited 1 branch of the dungeon, and saw 1 of its levels.

Inventory:

Missiles
 c - 5 javelins (quivered)
 Z - 2 throwing nets {!d, =f}
Armour
 a - a +0 robe (worn)
Potions
 d - a potion of magic {unknown}
Books
 b - a book of Debilitation

   Spells                             Type                      Level
   a - Corona                         Hexes                        1
   b - Slow                           Hexes                        2
   c - Gell's Gravitas                Hexes/Translocation          3
   d - Inner Flame                    Hexes/Fire                   3
   e - Cause Fear                     Hexes                        4
   f - Leda's Liquefaction            Hexes/Earth                  4
Comestibles
 e - a bread ration {@e1}
 f - a beef jerky


   Skills:
 + Level 1.1 Fighting
 - Level 1.7 Throwing
 - Level 1.7 Dodging
 - Level 1.0 Spellcasting
 - Level 3.0 Hexes


You had one spell level left.
You knew the following spells:

 Your Spells              Type           Power        Failure   Level  Hunger
a - Corona                Hex            #......      10%         1    ##.....


Dungeon Overview and Level Annotations

Branches:
Dungeon (1/15)

Altars:


Message History

Z - 2 throwing nets Welcome, Goblin1989 the Demonspawn Arcane Marksman.
Will you prevail where others failed? Will you find the Orb of Zot?
Press ? for a list of commands and other information.
Found a staircase leading out of the dungeon.
You open the door.
There is an open door here.
You open the door.
There is an open door here.
You open the door.
There is an open door here.
A bat comes into view.
A bat is nearby!
The bat hits you but does no damage.
You closely miss the bat. The bat hits you but does no damage.
You hit the bat.
You kill the bat!
No target in view!
No target in view!
No target in view!
No target in view!
No target in view!
No target in view!
No target in view!
No target in view!
No target in view!
No target in view!
No target in view!
No target in view!
No target in view!
No target in view!
No target in view!
No target in view!
No target in view!
No target in view!
No target in view!
No target in view!
No target in view!
No target in view!
d - a glowing pink potion
f - a beef jerky A hobgoblin comes into view.
The hobgoblin shouts!
A hobgoblin is nearby!
The hobgoblin closely misses you.
You barely miss the hobgoblin. The hobgoblin closely misses you.
You hit the hobgoblin but do no damage. The hobgoblin barely misses you.
You barely miss the hobgoblin. The hobgoblin barely misses you.
You hit the hobgoblin.
The hobgoblin is moderately wounded.
The hobgoblin hits you.
You take 3 damage, and have 12/15 hp.
You closely miss the hobgoblin. The hobgoblin hits you.
You take 4 damage, and have 8/15 hp.
O_OOPS!!
MASSIVE DAMAGE!!
You are too injured to fight recklessly!
You are too injured to fight recklessly!
You are too injured to fight recklessly!
You are too injured to fight recklessly!
You are too injured to fight recklessly!
You are too injured to fight recklessly!
You are too injured to fight recklessly!
You are too injured to fight recklessly!
You are too injured to fight recklessly!
You are too injured to fight recklessly!
You are too injured to fight recklessly!
You are too injured to fight recklessly!
You are too injured to fight recklessly!
A hobgoblin is nearby!
You closely miss the hobgoblin. The hobgoblin closely misses you.
You hit the hobgoblin.
The hobgoblin is moderately wounded.
The hobgoblin barely misses you.
You barely miss the hobgoblin.
The hobgoblin is moderately wounded.
The hobgoblin hits you but does no damage.
You closely miss the hobgoblin.
The hobgoblin is moderately wounded.
The hobgoblin barely misses you.
You hit the hobgoblin but do no damage.
The hobgoblin is moderately wounded.
The hobgoblin misses you.
You hit the hobgoblin.
The hobgoblin is almost dead.
The hobgoblin hits you.
* * * LOW HITPOINT WARNING * * *
You take 4 damage, and have 4/15 hp.
O_OOPS!!
MASSIVE DAMAGE!!
You barely miss the hobgoblin.
The hobgoblin is almost dead.
The hobgoblin barely misses you.
You closely miss the hobgoblin.
The hobgoblin is almost dead.
The hobgoblin hits you.
You die...

█♣♣ ♣..P...█.....█.█
█████.█♣♣♣P..♣██.....█.█████
█.....█.♣♣♣♣♣........█......
██P.P............█...........
███.♣P♣PP.P.....███████∆███████.
██.P♣♣ ♣.P....██.█ █[....█████
█PPPP♣♣♣♣♣♣P..██.█ █.....█...█
.P♣.♣PP.♣.P...██.█ ▲..█..∆.8.█
█..♣♣...P.P..███@█ █.....█...█
█...........██


█g█ █.....█████ ██........███ █.█ ███∆███ ██████████ █.█ █...█ █.█ █.<.█ █.████
█...█ █....█ █████ █............ █........████ You could see a hobgoblin.

Vanquished Creatures
  A bat (D:1)
1 creature vanquished.

Notes
Turn   | Place    | Note
--------------------------------------------------------------
     0 | D:1      | Goblin1989 the Demonspawn Arcane Marksman began the quest for the Orb.
     0 | D:1      | Reached XP level 1. HP: 15/15 MP: 2/2
   116 | D:1      | Slain by a hobgoblin

Action                   || total
-------------------------++-------
Melee: Unarmed           ||    15

Vault maps used:
D:1:      minmay_arrival_stair_chambers, serial_forest,
          infiniplex_forest_clump_long, infiniplex_forest_join,
          infiniplex_forest_corner_1, infiniplex_forest_end_3,
          infiniplex_forest_lined_3, infiniplex_forest_clump_long,
          infiniplex_forest_clump_diagonal
